 Dungeon Crawl Stone Soup version 0.25-a0-731-g0472a16d6a (webtiles) character file.

Game seed: 12595047390357735485, levelgen mode: deterministic

343 Iflex the Poker (level 6, 0/47 HPs)
             Began as a Merfolk Gladiator on Apr 8, 2020.
             Slain by an orc wizard
             ... wielding a +2 dagger of venom
              (1 damage)
             ... on level 3 of the Dungeon.
             The game lasted 00:07:03 (2197 turns).

Iflex the Poker (Merfolk Gladiator)                 Turns: 2197, Time: 00:07:04

Health: 0/47       AC:  4    Str: 16    XL:     6   Next: 57%
Magic:  6/6        EV: 14    Int:  8    God:
Gold:   164        SH:  3    Dex: 15    Spells: 5/5 levels left

rFire    . . .     SeeInvis .   a - +0 trident
rCold    . . .     Gourm    .   (no shield)
rNeg     . . .     Faith    .   b - +0 leather armour
rPois    .         Spirit   .   c - +0 helmet
rElec    .         Reflect  +   (no cloak)
rCorr    .         Harm     .   (no gloves)
MR       .....                  (no boots)
Stlth    ++........             l - +3 amulet of reflection
HPRegen  0.15/turn              (no ring)
MPRegen  0.10/turn              (no ring)

@: no status effects
A: change form in water, swift swim, stealthy swim
a: no special abilities


You were on level 3 of the Dungeon.
You were not hungry.

You visited 1 branch of the dungeon, and saw 3 of its levels.

You collected 164 gold pieces.

Inventory:

Hand Weapons
 a - a +0 trident (weapon)
Missiles
 e - 5 boomerangs (quivered)
 s - 3 throwing nets
Armour
 b - a +0 leather armour (worn)
 c - a +0 helmet (worn)
Jewellery
 l - a +3 amulet of reflection (around neck)
Wands
 r - a wand of flame (15)
Scrolls
 d - a scroll of enchant weapon {unknown}
 h - 2 scrolls of remove curse {unknown}
 i - a scroll of teleportation {unknown}
 k - a scroll of immolation {unknown}
 n - a scroll of fog {unknown}
 o - a scroll of identify
 q - a scroll of enchant armour {unknown}
Potions
 g - a potion of heal wounds
 j - 2 potions of flight
 m - a potion of curing
 t - a potion of degeneration {unknown}
 u - a potion of might {unknown}
Comestibles
 f - 7 rations


   Skills:
 + Level 3.4 Fighting
 + Level 7.5 Polearms
 + Level 2.5 Throwing
 + Level 1.6 Armour
 + Level 5.0 Dodging
 + Level 1.3 Stealth


You had 5 spell levels left.
You didn't know any spells.
Your spell library was empty.

Dungeon Overview and Level Annotations

Branches:
Dungeon (3/15)

Altars:
Vehumet
The Shining One


Message History

The orc wizard is severely wounded.
The orc wizard points at you and mumbles some strange words.
The puff of flame misses you. The orc wizard barely misses you.
You barely miss the orc wizard.
The orc wizard is severely wounded.
The orc wizard hits you but does no damage.
You block the orc wizard's attack.
You barely miss the orc wizard.
The orc wizard is severely wounded.
The orc priest invokes the aid of Beogh against you.
Beogh smites you!
* * * LOW HITPOINT WARNING * * *
The orc wizard gestures at you while chanting.
The magic dart hits you.
* * * LOW HITPOINT WARNING * * *
As you read the scroll labeled GEUD UGYSOIPRO, it crumbles to dust.
It is a scroll of identify.
g - a potion of heal wounds The orc wizard hits you with a +2 dagger of venom.
You die...

#.........###.##..#
#.....##.## #.##..#
#...>..###.# #.....#
###.###.##
#.####.##.## .... #.#
#......##.# ....###.#
########..# ## ....##
#.## # ##...## #.#
#.##..@..## ###.#
#.#...o...## ##.#.#
##..........####....#
.......o)...'.......#
.##.........####....#
##..o....## ##.#.#
##.....## ###.#
##)o.## #.# ##'## ...


You could see 2 orc priests and 2 orc wizards.

Vanquished Creatures
  Sigmund (D:3)
  A bullfrog skeleton (D:3)
  An orc wizard (D:3)
  5 adders
  2 dart slugs (D:1)
  4 worms
  An orc (D:3)
  4 giant cockroaches
  5 hobgoblins
  9 jackals
  8 kobolds
  8 bats
  4 frilled lizards (D:2)
  10 goblins
  12 rats
75 creatures vanquished.

Notes
Turn   | Place    | Note
-------+----------+-------------------------------------------
     0 | D:1      | Iflex the Merfolk Gladiator began the quest for the Orb.
     0 | D:1      | Reached XP level 1. HP: 16/16 MP: 1/1
    34 | D:1      | Reached XP level 2. HP: 16/22 MP: 2/2
   114 | D:1      | Reached skill level 5 in Polearms
   654 | D:1      | Reached XP level 3. HP: 28/28 MP: 3/3
   966 | D:2      | Reached XP level 4. HP: 32/34 MP: 4/4
  1258 | D:2      | Found a glowing golden altar of the Shining One.
  1259 | D:2      | Found a radiant altar of Vehumet.
  1712 | D:3      | Reached skill level 6 in Polearms
  1730 | D:3      | Noticed Sigmund
  1746 | D:3      | Killed Sigmund
  1746 | D:3      | Reached skill level 7 in Polearms
  1746 | D:3      | Reached skill level 1 in Armour
  1746 | D:3      | Reached skill level 1 in Stealth
  1746 | D:3      | Reached XP level 5. HP: 35/41 MP: 5/5
  1746 | D:3      | Reached XP level 6. HP: 41/47 MP: 6/6
  2181 | D:3      | Reached skill level 5 in Dodging
  2196 | D:3      | HP: 1/47 [orc wizard/magic dart (4)]
  2197 | D:3      | Slain by an orc wizard

Levels and vault maps discovered:
D:1:      psy_arrival_whirlpool, layout_basic
D:2:      layout_rooms, minitemple, first_ration, minmay_misc_feat_tower,
          minmay_tromino_i4
D:3:      layout_loops_corners, chequers_temple_overflow_minitemple,
          okawaru_altar_gauntlet_db, cheibriados_altar_1, uniq_sigmund

Skill      XL: |  1  2  3  4  5  6 |
---------------+-------------------+-----
Polearms       | 5 7 |  7.5
Fighting       | 3 |  3.4
Armour         | 1 |  1.6
Stealth        | 1 |  1.3
Dodging        | 5 |  5.0
Throwing       | |  2.5

Action                   |  1- 3 |  4- 6 || total
-------------------------+-------+-------++-------
Melee: Trident           |   106 |   128 ||   234
Throw: Throwing net      |       |     3 ||     3
       Javelin           |       |    16 ||    16
       Boomerang         |       |     6 ||     6
  Use: Potion            |       |     3 ||     3
       Scroll            |       |     1 ||     1
 Stab: Sleeping          |       |     1 ||     1
  Eat: Chunk             |       |     2 ||     2
       Ration            |       |     1 ||     1
Armor: Leather armour    |    31 |    22 ||    53
Dodge: Dodged            |    88 |    87 ||   175
Block: Other             |       |     9 ||     9

Table legend:
 A = Non-vault XP
 B = Vault XP
 C = Vault XP percentage of total XP
 D = Non-vault monster count
 E = Vault monster count
 F = Vault count percentage of total count
                 A         B        C        D         E       F
            +---------+---------+-------+---------+---------+-------
      Total |     267 |     223 |  45.5 |      72 |       3 |   4.0
            +---------+---------+-------+---------+---------+-------
        D:1 |      43 |       0 |   0.0 |      26 |       0 |   0.0
        D:2 |      77 |       3 |   3.8 |      28 |       2 |   6.7
        D:3 |     147 |     220 |  59.9 |      18 |       1 |   5.3
            +---------+---------+-------+---------+---------+-------
